 Dungeon Crawl Stone Soup version 0.26-a0-950-g52035dc9a5 (webtiles) character file.

Game seed: 9720585054300878888

17950 ANON1729 the Tainter (level 12, -12/100 HPs)
             Began as a Green Draconian Transmuter on Nov 29, 2020.
             Was an Elder of Fedhas.
             Killed from afar by a fire dragon (29 damage)
             ... with a blast of flame
             ... on level 10 of the Dungeon.
             The game lasted 00:29:08 (23068 turns).

ANON1729 the Tainter (Green Draconian Transmuter)  Turns: 23068, Time: 00:29:09

Health: -12/100    AC: 11    Str: 14    XL:     12   Next: 23%
Magic:  21/21      EV: 16    Int: 17    God:    Fedhas [****..]
Gold:   63         SH:  0    Dex: 16    Spells: 9/23 levels left

rFire    . . .     SeeInvis .     - Unarmed
rCold    . . .     Faith    .   (no shield)
rNeg     . . .     Spirit   .   (armour unavailable)
rPois    +         Reflect  .   (helmet restricted)
rElec    .         Harm     .   y - +0 cloak
rCorr    .         Rampage  .   p - +0 pair of gloves
MR       .....                  G - +0 pair of boots
Stlth    +.........             (no amulet)
HPRegen  0.26/turn              L - ring "Seag" {Wiz +Blink Dex+4}
MPRegen  0.17/turn              (no ring)

@: about to teleport
A: breathe noxious fumes, unfitting armour, poison resistance, cold-blooded, AC
+8
a: Breathe Noxious Fumes, Wall of Briars, Grow Ballistomycete, Overgrow,
Renounce Religion, Evoke Blink


You were on level 10 of the Dungeon.
You worshipped Fedhas.
Fedhas was greatly pleased with you.
You visited 2 branches of the dungeon, and saw 13 of its levels.

You collected 811 gold pieces.
You spent 748 gold pieces at shops.

Inventory:

Hand Weapons
 E - a +2 scimitar of flaming
Missiles
 K - 21 poisoned darts
Armour
 p - a +0 pair of gloves (worn)
 y - a +0 cloak (worn)
 G - a +0 pair of boots (worn)
Jewellery
 L - the ring "Seag" (left hand) {Wiz +Blink Dex+4}
   (You bought it in a shop on level 6 of the Dungeon)

   [ring of wizardry]

   It improves your spell success rate.
   It affects your dexterity (+4).
   It lets you blink.
Wands
 g - a wand of flame (41)
 m - a wand of iceblast (3)
 v - a wand of acid (5)
 A - a wand of polymorph (4)
Scrolls
 c - 4 scrolls of enchant armour {unknown}
 d - 3 scrolls of fear {unknown}
 e - 2 scrolls of fog {unknown}
 f - 4 scrolls of amnesia {unknown}
 i - 12 scrolls of identify {unknown}
 j - a scroll of immolation {unknown}
 n - 2 scrolls of teleportation
 q - 2 scrolls of enchant weapon {unknown}
 u - 5 scrolls of remove curse {unknown}
 B - a scroll of magic mapping {unknown}
 C - a scroll of brand weapon {unknown}
 F - a scroll of blinking {unknown}
 H - a scroll of silence {unknown}
 I - a scroll of noise {unknown}
Potions
 a - a potion of attraction
 b - a potion of haste {unknown}
 h - 2 potions of magic {unknown}
 k - 2 potions of might
 l - 5 potions of brilliance {unknown}
 o - a potion of flight {unknown}
 r - a potion of curing
 s - 4 potions of heal wounds {unknown}
 t - 4 potions of degeneration {unknown}
 w - 2 potions of cancellation {unknown}
 x - a potion of lignification {unknown}
 z - a potion of resistance {unknown}
 J - a potion of mutation {unknown}
Miscellaneous
 D - a box of beasts (inert)


   Skills:
 + Level 7.3 Fighting
 + Level 6.3 Dodging
 * Level 9.4 Unarmed Combat
 + Level 6.4 Spellcasting
 * Level 9.0 Transmutations
 * Level 9.7 Poison Magic
 * Level 8.7 Invocations


You had 9 spell levels left.
You knew the following spells:

 Your Spells              Type           Power        Failure   Level
a - Beastly Appendage     Tmut           #####.       1%          1
b - Wereblood             Tmut           #####...     1%          2
c - Spider Form           Tmut/Pois      #####.....   1%          3
d - Blade Hands           Tmut           #####.....   3%          5
e - Mephitic Cloud        Conj/Pois/Air  ###.....     4%          3

Your spell library contained the following spells:

 Spells                   Type           Power        Failure   Level
 Freeze                   Ice            #...         4%          1
 Magic Dart               Conj           #...         4%          1
 Shock                    Conj/Air       #...         4%          1
 Blink                    Tloc           N/A          8%          2
 Call Imp                 Summ           #.......     8%          2
 Slow                     Hex            #.......     8%          2
 Swiftness                Air            #.......     8%          2
 Ice Form                 Ice/Tmut       ###.....     8%          4
 Conjure Flame            Conj/Fire      #.......     16%         3
 Frozen Ramparts          Ice            #.....       16%         3
 Ozocubu's Armour         Ice            #.......     16%         3
 Static Discharge         Conj/Air       #.......     16%         3
 Airstrike                Air            #.........   43%         4
 Hailstorm                Conj/Ice       #.......     43%         4
 Summon Ice Beast         Ice/Summ       #.......     43%         4
 Lightning Bolt           Conj/Air       #.........   77%         5


Dungeon Overview and Level Annotations

Branches:
Dungeon (12/15)            Temple (1/1) D:4            Lair (0/6) D:10
    Orc (0/2) D:12

Altars:
Ashenzari
Cheibriados
Dithmenos
Elyvilon
Fedhas
Gozag
Hepliaklqana
Kikubaaqudgha
Makhleb
Nemelex Xobeh
Okawaru
Qazlal
Ru
Sif Muna
Trog
Uskayaw
Vehumet
Wu Jian
Xom
Yredelemnul
Zin
The Shining One

Shops:
D:5 :*   D:6 =

Annotations:
D:7 1 runed translucent door, Favre's ghost, novice GrEE
D:10 1 runed translucent door


Innate Abilities, Weirdness & Mutations

You can breathe blasts of noxious fumes.
Your lurid green scales are hard. (AC +8)
You cannot fit into any form of body armour.
Your system is resistant to poisons. (rPois)
You are cold-blooded and may be slowed by cold attacks.


Message History

The ice dragon closely misses you. The ice dragon tramples you!
* * * LOW HITPOINT WARNING * * *
You hold your ground!
Okay, then.
Unknown command.
Evoke which item? (* to show all) (? for menu, Esc to quit)
That's the wrong kind of item! (Use * to select it.) Evoke which item? (* to show all) (? for menu, Esc to quit)
Okay, then.
Okay, then.
Unknown command.
Unknown command.
Unknown command.
Unknown command.
Unknown command.
Unknown command.
The fire dragon breathes flames at you. The blast of flame hits you!!
You die...
Fedhas appreciates your contribution to the ecosystem.

####### #.....########
#............#
#..####'####.#
#########..#....#≈≈#.####
...........#.⌠..#≈≈#....#
(.#........#...D####..#.#
).(((((..#.#..DDD..#..#.#
#######....####.@..#....#
#....#≈≈#..⌠.#....#
#..#.#≈≈#....#....#
#....####+####....#
#.................#
#.#...........#.#.#
#.........+...'...#
#.....#########...#
#..>..# #.#.#


You could see 2 fire dragons and 2 ice dragons.

Vanquished Creatures
  Josephine (D:12)
  A boulder beetle (D:12)
  3 two-headed ogres
  3 ugly things
  Maurice (D:10)
  Maggie (D:7)
  A centaur skeleton (D:12)
  A kobold demonologist (D:12)
  2 komodo dragons
  A troll (D:12)
  A hornet (D:10)
  11 slime creatures
  Sigmund (D:2)
  18 yaks
  2 wraiths (D:12)
  5 vampire mosquitoes
  A warg (D:12)
  Duvessa (D:5)
  4 ice beasts
  A sky beast (D:11)
  3 orc warriors
  A black bear (D:6)
  An eye of draining (D:12)
  4 phantoms
  A necrophage (D:6)
  6 centaurs
  6 ogres
  6 bullfrogs
  A wyvern skeleton (D:6)
  Dowan (D:5)
  A scorpion (D:8)
  5 killer bees (D:7)
  A howler monkey (D:6)
  3 centaur zombies
  A bullfrog zombie (D:5)
  3 hounds
  9 orc priests
  A bullfrog skeleton (D:6)
  2 iguanas (D:9)
  8 orc wizards
  Ijyb (D:5)
  5 worker ants
  A hound zombie (D:6)
  2 hound skeletons
  4 gnolls
  15 adders
  4 white imps
  An ooze (D:2)
  An adder zombie (D:5)
  An adder skeleton (D:8)
  6 worms
  2 dart slugs
  6 leopard geckos
  47 orcs
  6 bats
  4 giant cockroaches
  4 goblins
  9 hobgoblins
  9 jackals
  14 kobolds
  4 quokkas
  A ball python (D:1)
  3 frilled lizards
  A leopard gecko skeleton (D:8)
  A quokka skeleton (D:6)
  9 rats
  A spectral orc (D:7)
286 creatures vanquished.

Vanquished Creatures (collateral kills)
  A centaur zombie (D:12)
  A wraith (D:12)
  A vampire mosquito (D:12)
  A black bear (D:12)
  An orc priest (D:12)
  An orc wizard (D:12)
  An iguana (D:12)
  An orc (D:12)
8 creatures vanquished.

Vanquished Creatures (others)
  A human (D:2)
1 creature vanquished.

Grand Total: 295 creatures vanquished

Notes
Turn   | Place    | Note
-------+----------+-------------------------------------------
     0 | D:1      | ANON1729 the Draconian Transmuter began the quest for the
                  | Orb.
     0 | D:1      | Reached XP level 1. HP: 16/16 MP: 3/3
   627 | D:1      | Reached XP level 2. HP: 12/23 MP: 5/5
  1471 | D:2      | Reached XP level 3. HP: 20/29 MP: 6/6
  2361 | D:2      | Noticed Sigmund
  2383 | D:1      | HP: 1/29 [poisoned by an adder]
  2694 | D:1      | Reached XP level 4. HP: 21/36 MP: 5/7
  2859 | D:1      | Learned a level 2 spell: Wereblood
  2863 | D:1      | Learned a level 3 spell: Spider Form
  2909 | D:2      | Killed Sigmund
  2910 | D:2      | Reached XP level 5. HP: 34/44 MP: 5/9
  3393 | D:2      | Found an ancient bone altar of Kikubaaqudgha.
  3396 | D:2      | Noticed a human
  3398 | D:2      | Reached XP level 6. HP: 51/51 MP: 10/10
  3398 | D:2      | Killed a human
  3641 | D:3      | Found a stormy altar of Qazlal.
  4198 | D:3      | Noticed an ice beast
  4232 | D:3      | Killed an ice beast
  4655 | D:4      | Found a staircase to the Ecumenical Temple.
  4675 | Temple   | Entered the Ecumenical Temple
  4860 | Temple   | Became a worshipper of Fedhas Madash
  5776 | D:5      | Entered Level 5 of the Dungeon
  5785 | D:5      | Your scales start taking on a lurid green colour.
  5785 | D:5      | Reached XP level 7. HP: 57/57 MP: 5/12
  5785 | D:5      | Gained mutation: Your system is resistant to poisons.
                  | (rPois) [Green Draconian growth]
  5848 | D:5      | Found a shimmering blue altar of Sif Muna.
  5963 | D:5      | Found Katoanyc's Book Boutique.
  6212 | D:5      | Found Ulelugu's General Store.
  6216 | D:5      | Bought a potion of might for 48 gold pieces
  6216 | D:5      | Bought 2 potions of curing for 72 gold pieces
  6288 | D:5      | Noticed Dowan
  6290 | D:5      | Noticed Duvessa
  6295 | D:5      | Found a stormy altar of Qazlal.
  6303 | D:5      | Killed Dowan
  6324 | D:5      | Killed Duvessa
  6325 | D:5      | Reached skill level 1 in Poison Magic
  6325 | D:5      | Reached skill level 1 in Invocations
  6941 | D:5      | Noticed Ijyb
  6952 | D:5      | Killed Ijyb
  7267 | D:5      | Found a bloodstained altar of Trog.
  7287 | D:5      | Reached * piety under Fedhas
  7810 | D:6      | Reached skill level 5 in Unarmed Combat
  7810 | D:6      | Reached XP level 8. HP: 50/64 MP: 10/13
  8180 | D:6      | Found Wozeh's Jewellery Emporium.
  8197 | D:6      | Found a sparkling altar of Nemelex Xobeh.
  8201 | D:6      | Found a burning altar of Makhleb.
  8206 | D:6      | Found a hide-covered altar of Uskayaw.
  8692 | D:6      | Reached skill level 5 in Transmutations
  9275 | D:7      | Reached ** piety under Fedhas
  9761 | D:7      | Reached XP level 9. HP: 66/70 MP: 15/15
  9986 | D:7      | Found a runed translucent door.
 10012 | D:7      | Found a basalt altar of Yredelemnul.
 10067 | D:7      | Noticed Maggie
 10079 | D:7      | Killed Maggie
 10106 | D:7      | Noticed Favre's ghost (novice GrEE)
 10167 | D:7      | Found an opulent altar of Gozag.
 10167 | D:7      | Found a glowing silver altar of Zin.
 10280 | D:8      | Found an iron altar of Okawaru.
 10668 | D:8      | Learned a level 3 spell: Mephitic Cloud
 11082 | D:9      | Reached skill level 5 in Poison Magic
 11714 | D:9      | Reached skill level 5 in Fighting
 11734 | D:10     | Entered Level 10 of the Dungeon
 12164 | D:10     | Reached *** piety under Fedhas
 12748 | D:9      | Found a white marble altar of Elyvilon.
 13241 | D:10     | Reached skill level 5 in Invocations
 13783 | D:10     | Reached XP level 10. HP: 35/79 MP: 14/17
 14670 | D:10     | Noticed Maurice
 14697 | D:10     | Killed Maurice
 14698 | D:10     | Reached skill level 5 in Spellcasting
 14764 | D:10     | Found a runed translucent door.
 14764 | D:10     | Noticed a fire dragon
 14765 | D:10     | Noticed an ice dragon
 14766 | D:10     | Found the +2 shield of Resistance {rF++ rC++ MR++}
 14766 | D:10     | Noticed a fire dragon
 14766 | D:10     | Noticed an ice dragon
 14781 | D:10     | Found a runed translucent door.
 15021 | D:10     | Found a staircase to the Lair.
 15148 | D:10     | Reached skill level 5 in Dodging
 15382 | D:10     | Reached **** piety under Fedhas
 16578 | D:11     | Learned a level 5 spell: Blade Hands
 18428 | D:12     | Noticed a purple ugly thing
 18428 | D:12     | Noticed a two-headed ogre
 18428 | D:12     | Noticed a brown ugly thing
 18451 | D:11     | Reached XP level 11. HP: 87/87 MP: 16/19
 19226 | D:12     | Noticed a two-headed ogre
 19231 | D:12     | Noticed a two-headed ogre
 19273 | D:11     | Killed a two-headed ogre
 19436 | D:11     | Killed a two-headed ogre
 19700 | D:12     | Found a staircase to the Orcish Mines.
 19701 | D:12     | Noticed a purple ugly thing
 19925 | D:12     | Killed a two-headed ogre
 20817 | D:12     | Noticed a boulder beetle
 20823 | D:12     | Noticed Josephine
 20828 | D:12     | Killed a boulder beetle
 20835 | D:12     | Killed Josephine
 21415 | D:12     | Reached XP level 12. HP: 100/100 MP: 16/21
 22800 | D:6      | Bought the ring "Seag" {Wiz +Blink Dex+4} for 628 gold
                  | pieces
 23068 | D:10     | Killed from afar by a fire dragon

Illustrated notes

Levels and vault maps discovered:
D:1:      psy_arrival_conway, layout_loops_ring, hangedman_decor_push
D:2:      layout_loops_ring, tgw_kikubaaqudgha, uniq_sigmund
D:3:      layout_basic, nicolae_qazlal_eye_of_the_storm
D:4:      layout_basic, temple_pool_b
D:5:      layout_gridville, nicolae_overflow_hidden_temple,
          lightli_temple_of_fire, led_sif_pool, serial_shops, shop, shop,
          uniq_ijyb, uniq_duvessa
D:6:      black_bear_nest_2, layout_gridville, minmay_overflow_temple_star_quad,
          serial_shops, shop
D:7:      layout_rooms, grunt_temple_overflow_gold_and_silver,
          yredelemnul_forgotten_temple_becter, ebering_ghost_reflecting_pool,
          uniq_maggie
D:8:      layout_loops_ring, basic_altar
D:9:      layout_cave_pools, elyvilon_altar_4
D:10:     layout_stronghold, lair_entry_dummy, minmay_guarded_unrand_resistance,
          uniq_maurice
D:11:     layout_stronghold
D:12:     layout_rooms, erik_orc_3, uniq_josephine
Temple:   grunt_temple_mini_profane

Skill      XL: |  1  2  3  4  5  6  7  8  9 10 11 12 |
---------------+-------------------------------------+-----
Dodging        | 2 3 4 5 6 |  6.3
Fighting       | 2 3 4 5 6 7 |  7.3
Spellcasting   | 3 4 5 6 |  6.4
Transmutations | 3 4 5 6 7 8 9 |  9.0
Unarmed Combat | 4 5 6 8 9 |  9.4
Poison Magic   | 2 4 6 7 9 |  9.7
Invocations    | 2 3 5 6 8 |  8.7

Action                   |  1- 3 |  4- 6 |  7- 9 | 10-12 || total
-------------------------+-------+-------+-------+-------++-------
Melee: Unarmed           |   158 |   204 |   547 |   422 ||  1331
       Tailslap          |    16 |    28 |    49 |    43 ||   136
       Punch             |     3 |     5 |     4 |    13 ||    25
       Kick              |     2 |       |     7 |     2 ||    11
       Headbutt          |     1 |       |     9 |     1 ||    11
 Cast: Beastly Appendage |     1 |       |     6 |     2 ||     9
       Spider Form       |       |     3 |    22 |    13 ||    38
       Wereblood         |       |       |     3 |     1 ||     4
       Blade Hands       |       |       |       |    32 ||    32
       Mephitic Cloud    |       |       |       |     6 ||     6
Invok: Wall of Briars    |       |       |       |     4 ||     4
 Abil: Breathe Noxious F |       |       |     5 |    10 ||    15
       End Transformatio |       |       |       |     1 ||     1
Evoke: Wand              |       |       |       |     5 ||     5
       Box of beasts     |       |       |       |     1 ||     1
  Use: Potion            |     3 |       |       |     3 ||     6
       Scroll            |       |       |       |     4 ||     4
 Stab: Sleeping          |       |     1 |     1 |     1 ||     3
       Confused          |       |       |     3 |     4 ||     7
       Invisible         |       |       |       |     1 ||     1
Armor: Skin              |    37 |    63 |   113 |    91 ||   304
Dodge: Dodged            |   110 |   167 |   438 |   295 ||  1010

Table legend: (Time is in decaauts)
 A = Elapsed time spent in this place.
 B = Non-inter-level travel time spent in this place.
 C = Inter-level travel time spent in this place.
 D = Time resting spent in this place.
 E = Time spent auto-exploring this place.
 F = Levels seen in this place.
 G = Mean time per level.
                   A        B        C        D        E       F      G
               +--------+--------+--------+--------+--------+-----+--------+
         Total |  22977 |  21791 |   1186 |   7927 |  11057 |  13 | 1767.5 |
       Dungeon |  22767 |  21621 |   1146 |   7927 |  10900 |  12 | 1897.2 |
        Temple |    209 |    169 |     40 |      0 |    157 |   1 |  209.0 |
               +--------+--------+--------+--------+--------+-----+--------+

Top non-repeatable levels by time:
    D:11: 3864 daAuts
    D:10: 3785 daAuts
    D:12: 2092 daAuts
     D:1: 1957 daAuts
     D:5: 1866 daAuts
     D:9: 1782 daAuts
     D:2: 1591 daAuts
     D:6: 1579 daAuts
     D:8: 1135 daAuts
     D:7: 1109 daAuts
     D:4: 1020 daAuts
     D:3: 982 daAuts
  Temple: 209 daAuts
